 Dungeon Crawl Stone Soup version 0.18.1-48-g4cf74bf (webtiles) character file.

53273 dvd the Lord of Darkness (level 14, -3/101 HPs)
             Began as a Demonspawn Necromancer on Aug 30, 2016.
             Was the Champion of Kikubaaqudgha.
             Slain by an orc warrior
             ... wielding a cursed -3 glaive
             ... led by an orc knight
              (8 damage)
             ... on level 2 of the Orcish Mines.
             The game lasted 02:45:22 (21678 turns).

dvd the Lord of Darkness (Demonspawn Necromancer)  Turns: 21678, Time: 02:45:25

Health: -3/101     AC: 16    Str: 12    XL:     14   Next: 30%
Magic:  0/30       EV: 21    Int: 25    God:    Kikubaaqudgha [******]
Gold:   1774       SH:  7    Dex: 21    Spells: 9 memorised, 5 levels left

rFire  + . .     SeeInvis .     H - +1 battleaxe (venom)
rCold  . . .     Gourm    .     D - +1 leather armour "Pef Xes" {rPois Str+4 Int+5}
rNeg   . . .     Faith    .     (shield currently unavailable)
rPois  +         Spirit   +     u - +2 helmet
rElec  +         Dismiss  .     S - +0 cloak
rCorr  .         Reflect  +     (no gloves)
SustAt .         Harm     .     (no boots)
MR     +....                    I - +4 amulet of reflection
Stlth  +++.......               h - +5 ring of dexterity
                                n - ring of protection from fire

@: about to teleport, corpse armour, somewhat resistant to hostile enchantments,
fairly stealthy
A: talons 2, thin metallic scales 3, powered by death 3, magic shield, magic
regeneration
a: Receive Corpses, Torment, Renounce Religion


You were on level 2 of the Orcish Mines.
You worshipped Kikubaaqudgha.
Kikubaaqudgha was exalted by your worship.
You were hungry.

You visited 4 branches of the dungeon, and saw 21 of its levels.
You also visited: Ossuary and Volcano.

You collected 1999 gold pieces.
You spent 225 gold pieces at shops.

Inventory:

Hand Weapons
 a - a +2 eveningstar of protection
 e - the +3 mace "Ubluir" {drain, rPois Str-2 Int+3}
   (You found it on level 7 of the Dungeon)

   A truly terrible weapon, it drains the life of those it strikes.
   It affects your strength (-2).
   It affects your intelligence (+3).
   It protects you from poison.
 l - the +11 quarterstaff "Keuschoafa" {antimagic, rF+ MR+}
   (You bought it in a shop on level 2 of the Orcish Mines)

   It disrupts the flow of magical energy around spellcasters and certain
   magical creatures (including the wielder).
   It protects you from fire.
   It affects your resistance to hostile enchantments.
 o - a +4 greatsling of flaming
 w - the +1 broad axe of the Enchanted Forest {flame, -Tele MP+9 Str+4 Dex+5}
   (You found it on level 8 of the Lair of Beasts)

   It has been specially enchanted to burn those struck by it, causing extra
   injury to most foes and up to half again as much damage against particularly
   susceptible opponents.
   Big, fiery blades are also staple armaments of hydra-hunters.
   It affects your strength (+4).
   It affects your dexterity (+5).
   It affects your magic capacity (+9).
   It prevents most forms of teleportation.
 z - a +1 battleaxe of flaming
 H - a +1 battleaxe of venom (weapon)
Missiles
 p - 504 stones (quivered)
Armour
 u - a +2 helmet (worn)
 A - a +3 ring mail of fire resistance
 D - the +1 leather armour "Pef Xes" (worn) {rPois Str+4 Int+5}
   (You found it on level 8 of the Dungeon)

   It affects your strength (+4).
   It affects your intelligence (+5).
   It protects you from poison.
 S - a +0 cloak (worn)
Jewellery
 h - a +5 ring of dexterity (right hand)
 n - a ring of protection from fire (left hand)
 r - an uncursed amulet of magic regeneration
 I - a +4 amulet of reflection (around neck)
 M - an uncursed amulet of the gourmand
Wands
 f - a wand of hasting (4/9)
 j - a wand of paralysis (16/24)
 t - a wand of confusion (36/48)
 E - a wand of paralysis (9/24)
 R - a wand of paralysis (13/24)
 T - a wand of acid (2/15)
Scrolls
 k - 9 scrolls of identify
 y - 2 scrolls of magic mapping
 G - 4 scrolls of remove curse
 J - 4 scrolls of fog
 P - 3 scrolls of recharging
 V - a scroll of amnesia
Potions
 b - a potion of agility
 i - a potion of cancellation
 m - 2 potions of curing
 q - 2 potions of flight
 x - a potion of resistance
 B - a potion of ambrosia
 O - a potion of magic
 X - a potion of brilliance
Books
 F - Kikubaaqudgha's Catalogue of Dark Rituals
   (Kikubaaqudgha gifted it to you on level 8 of the Dungeon)

   Spells                             Type                      Level
   a - Pain                           Necromancy                   1
   b - Corpse Rot                     Necromancy                   2
   c - Sublimation of Blood           Necromancy                   2
   d - Regeneration                   Charms/Necromancy            3
   e - Control Undead                 Necromancy                   4
 N - a book of Enchantments

   Spells                             Type                      Level
   a - Cause Fear                     Hexes                        4
   b - Yara's Violent Unravelling     Hexes/Transmutation          5
   c - Silence                        Hexes/Air                    5
   d - Deflect Missiles               Charms/Air                   6
   e - Haste                          Charms                       6
   f - Discord                        Hexes                        8
 Q - Kikubaaqudgha's Papyrus of Sinister Magic
   (Kikubaaqudgha gifted it to you on level 1 of the Lair of Beasts)

   Spells                             Type                      Level
   a - Animate Dead                   Necromancy                   4
   b - Excruciating Wounds            Charms/Necromancy            5
   c - Bolt of Draining               Conjuration/Necromancy       5
   d - Cigotuvi's Embrace             Necromancy                   5
   e - Dispel Undead                  Necromancy                   5
 W - a book of Callings

   Spells                             Type                      Level
   a - Summon Small Mammal            Summoning                    1
   b - Call Imp                       Summoning                    2
   c - Call Canine Familiar           Summoning                    3
   d - Summon Guardian Golem          Hexes/Summoning              3
   e - Summon Lightning Spire         Summoning/Air                4
   f - Summon Ice Beast               Ice/Summoning                4
 Z - a Necronomicon

   Spells                             Type                      Level
   a - Haunt                          Necromancy/Summoning         7
   b - Borgnjor's Revivification      Necromancy                   8
   c - Death's Door                   Charms/Necromancy            8
   d - Necromutation                  Transmutation/Necromancy     8
Comestibles
 c - 7 bread rations
 g - 30 fruits
 s - 3 chunks of flesh
 C - 7 meat rations
 L - 5 slices of pizza
 Y - 9 royal jellies


   Skills:
 + Level 6.8 Fighting
 + Level 4.1(5.2) Axes
 + Level 4.9(5.6) Maces & Flails
 + Level 3.6 Slings
 + Level 5.0 Armour
 + Level 10.4 Dodging
 + Level 4.5 Stealth
 + Level 12.5 Spellcasting
 + Level 0.4 Conjurations
 + Level 1.5 Charms
 * Level 2.0 Summonings
 + Level 14.1 Necromancy
 + Level 0.4 Evocations


You had 5 spell levels left.
You knew the following spells:

 Your Spells              Type           Power        Failure   Level  Hunger
a - Pain                  Necr           ####         0%          1    None
b - Vampiric Draining     Necr           ######....   1%          3    None
c - Animate Dead          Necr           N/A          1%          4    None
d - Control Undead        Necr           ######....   1%          4    None
e - Regeneration          Chrm/Necr      ######....   1%          3    None
f - Cigotuvi's Embrace    Necr           ######....   1%          5    ###....
g - Dispel Undead         Necr           ######..     1%          5    ###....
h - Bolt of Draining      Conj/Necr      ######....   10%         5    ###....
i - Call Canine Familiar  Summ           ####....     8%          3    None


Dungeon Overview and Level Annotations

Branches:
Dungeon (10/15)            Temple (1/1) D:7            Lair (8/8) D:10
 Shoals (0/4) Lair:6       Spider (0/4) Lair:4        Slime (0/6) Lair:6
    Orc (2/2) D:9             Elf (0/3) Orc:2

Altars:
Ashenzari
Cheibriados
Dithmenos
Elyvilon
Fedhas
Gozag
Kikubaaqudgha
Makhleb
Nemelex Xobeh
Okawaru
Pakellas
Qazlal
Ru
Sif Muna
Trog
Vehumet
Xom
Yredelemnul
Zin
The Shining One
Beogh

Shops:
D:5 }   D:6 *   Orc:2 (}

Annotations:
Orc:2 Saint Roka


Innate Abilities, Weirdness & Mutations

You have razor-sharp toenails.
You are completely covered in thin metallic scales (AC +4, rElec).
You regenerate a lot of health from kills.
When hurt, damage is shared between your health and your magic reserves.
You regenerate magic rapidly.


Message History

Your orc zombie hits the orc knight but does no damage.
Your orc zombie barely misses the orc warrior.
The orc sorcerer gestures wildly while chanting.
The orc moves out of view. 2 orcs come into view.
Read which item? (? for menu, Esc to quit)
As you read the scroll of teleportation, it crumbles to dust.
You feel strangely unstable. The troll closely misses you.
You block the troll's attack. x2
The orc warrior hits you with a short sword!!
* * * LOW HITPOINT WARNING * * *
The orc knight closely misses you.
The orc knight hits your orc zombie with a war axe.
Your orc zombie is destroyed!
The orc priest misses you. The orc warrior completely misses you.
A puff of flame appears from out of thin air!
The puff of flame misses you.
The puff of flame hits the troll.
The orc warrior hits you from afar with a glaive!
You die...
Kikubaaqudgha rasps: "You have failed me!
Welcome... death!"

........... #...# #..........
.#...# #.......... o...+
#.......... ##### #.o.#
#.......... ##.#.## ### #o8.#
#.#......). #.....## .#...#oo.#
#.#..)..##Z ...#...# .#..ooooo+
#.....)##)Z ..##..## .# #T@{#
#.....##... .Z#...###.# ##)o.##
#.....#.... .#Z.......## #8)o)8#
##...).#...8
#Z.........###..)).###..#...#..._
#ZZ..........##')o##.Z......##...
..................o..Z..#...)##.∩
Z......#.#.....8.8.....Z..ZZ))###
......###.##........o.......Z...Z
......##.Z..#..................##


You could see Saint Roka, an orc knight, a troll, an orc sorcerer, 6 orc
warriors, an orc priest and 4 orcs.

Vanquished Creatures
  6 hydras
  The ghost of Galewind the Thaumaturge, a journeyman DECj of Sif Muna (Volcano)
  10 death yaks
  A deep elf knight (Volcano)
  A griffon (Lair:4)
  A manticore (D:7)
  5 deep elf magi (Volcano)
  A torpor snail (Lair:7)
  4 black mambas
  2 molten gargoyles (Volcano)
  11 spiny frogs
  A rime drake (Lair:8)
  9 komodo dragons
  2 trolls
  7 polar bears (Lair:8)
  A queen bee (Lair:2)
  A snapping turtle (Lair:6)
  8 blink frogs
  A two-headed ogre (D:9)
  6 redbacks
  10 spriggans (Lair:8)
  29 yaks
  A fire bat (Volcano)
  A hippogriff (Lair:8)
  3 basilisks
  A warg (Orc:2)
  13 water moccasins
  8 porcupines
  14 orc warriors
  3 black bears (Lair:8)
  A phantom (D:5)
  4 wasps (Lair:8)
  28 wolves
  A necrophage (D:6)
  6 ogres
  9 crocodiles
  4 big kobolds
  11 giant frogs
  A gnoll sergeant (D:9)
  A wyvern skeleton (D:9)
  6 scorpions
  The ghost of Inkary the Covered, a weakling MiFi (D:3)
  A wight (D:7)
  23 killer bees
  An electric eel (Lair:6)
  3 lava snakes (Volcano)
  A crimson imp (D:7)
  6 howler monkeys
  A giant frog zombie (D:6)
  A gnoll shaman (D:9)
  17 orc priests
  A centaur skeleton (D:9)
  2 centaur zombies
  8 hounds
  8 jellies
  14 orc wizards
  A giant frog skeleton (D:5)
  6 iguanas
  9 worker ants
  4 big kobold zombies (Ossuary)
  13 sheep
  3 hound skeletons
  A mummy (Ossuary)
  8 gnolls
  9 adders
  27 river rats
  3 shadow imps
  An ooze (D:4)
  4 adder skeletons
  2 worms
  2 dart slugs (D:1)
  6 giant geckos
  44 orcs
  3 spectral bats (Ossuary)
  15 bats
  2 giant cockroaches
  4 gnoll zombies (Ossuary)
  8 goblins
  16 hobgoblins
  8 jackals
  19 kobolds
  6 quokkas
  A ball python (D:1)
  3 bat simulacra (Ossuary)
  6 giant newts
  2 goblin simulacra (Ossuary)
  A goblin zombie (Ossuary)
  6 hobgoblin zombies (Ossuary)
  4 kobold simulacra (Ossuary)
  4 kobold zombies (Ossuary)
  An orc zombie (Ossuary)
  2 quokka skeletons (D:6)
  7 rats
  A rat simulacrum (Ossuary)
  2 spectral kobolds (Ossuary)
  A bush (Lair:8)
  4 fungi
  A plant (Lair:8)
592 creatures vanquished.

Vanquished Creatures (collateral kills)
  Maud (Lair:6)
  2 hydras (Lair:8)
  A griffon (Lair:8)
  A gargoyle (D:5)
  3 spiny frogs
  2 komodo dragons
  A spriggan druid (Lair:8)
  5 blink frogs
  2 redbacks
  2 spriggans (Lair:8)
  A wyvern (Lair:8)
  2 yaks (Lair:5)
  A hungry ghost (D:10)
  3 hippogriffs
  5 water moccasins
  2 porcupines
  2 black bears (Lair:8)
  An orc warrior (Orc:2)
  7 necrophages (Lair:4)
  A wasp (D:7)
  20 wolves
  3 crocodiles
  2 big kobolds (D:10)
  6 giant frogs
  A wyvern skeleton (D:10)
  6 killer bees
  2 wights (D:7)
  An electric eel (Lair:2)
  2 crimson imps
  A centaur zombie (D:7)
  A hound (Lair:3)
  2 orc priests (Orc:2)
  A centaur skeleton (D:8)
  9 jellies (Lair:6)
  An iguana (Lair:1)
  3 orc wizards
  A worker ant (D:10)
  2 sheep
  3 big kobold zombies (Ossuary)
  A mummy (D:5)
  2 gnolls (D:6)
  A howler monkey skeleton (D:4)
  3 adders
  17 river rats
  2 giant geckos
  9 orcs
  A spectral bat (Ossuary)
  A gnoll zombie (Ossuary)
  4 jackals
  A quokka (D:5)
  A bat simulacrum (Ossuary)
  A goblin zombie (Ossuary)
  A hobgoblin zombie (Ossuary)
  5 kobolds (D:10)
  A kobold simulacrum (Ossuary)
  3 kobold zombies (Ossuary)
  An orc zombie (Ossuary)
  A spectral kobold (Ossuary)
  4 fungi
  A plant (Lair:6)
173 creatures vanquished.

Vanquished Creatures (others)
  4 spectral goblins (Ossuary)
  44 fungi
  37 plants
85 creatures vanquished.

Grand Total: 850 creatures vanquished

Notes
Turn   | Place    | Note
--------------------------------------------------------------
     0 | D:1      | dvd the Demonspawn Necromancer began the quest for the Orb.
     0 | D:1      | Reached XP level 1. HP: 13/13 MP: 3/3
   231 | D:1      | Gained mutation: When hurt, damage is shared between your health and your magic reserves. [demonic ancestry]
   231 | D:1      | Reached XP level 2. HP: 17/19 MP: 3/5
   566 | D:1      | Reached skill level 5 in Necromancy
   732 | D:1      | Reached XP level 3. HP: 22/24 MP: 3/6
   778 | D:1      | Learned a level 3 spell: Vampiric Draining
  1153 | D:2      | Reached skill level 1 in Slings
  1563 | D:2      | Found a glowing golden altar of the Shining One.
  1637 | D:2      | Gained mutation: You have sharp toenails. [demonic ancestry]
  1637 | D:2      | Reached XP level 4. HP: 19/30 MP: 1/7
  2157 | D:2      | Learned a level 4 spell: Animate Dead
  2327 | D:3      | Noticed Inkary's ghost (weakling MiFi)
  2407 | D:3      | Found an iron altar of Okawaru.
  2599 | D:4      | Gained mutation: You are partially covered in thin metallic scales (AC +2). [demonic ancestry]
  2599 | D:4      | Reached XP level 5. HP: 31/35 MP: 0/9
  3006 | D:4      | Reached skill level 6 in Necromancy
  3394 | D:5      | Entered Level 5 of the Dungeon
  3397 | D:5      | Gained mutation: You have razor-sharp toenails. [demonic ancestry]
  3397 | D:5      | Reached XP level 6. HP: 37/41 MP: 8/11
  3676 | D:5      | Found a shadowy altar of Dithmenos.
  3814 | D:5      | Noticed a gargoyle
  3820 | D:5      | Found a sand-covered staircase.
  3826 | Ossuary  | Entered an ossuary
  3832 | Ossuary  | Learned a level 4 spell: Control Undead
  4245 | Ossuary  | Reached skill level 1 in Axes
  4245 | Ossuary  | Reached XP level 7. HP: 29/47 MP: 9/12
  4805 | D:6      | Found a sacrificial altar of Ru.
  4849 | D:6      | Reached skill level 7 in Necromancy
  4863 | D:6      | Reached skill level 1 in Fighting
  5339 | D:6      | Gained mutation: You regenerate magic rapidly. [demonic ancestry]
  5339 | D:6      | Reached XP level 8. HP: 50/54 MP: 4/14
  5349 | D:6      | Learned a level 3 spell: Regeneration
  5392 | D:6      | Found an opulent altar of Gozag.
  5392 | D:6      | Found Gozag's Platinum Reserve.
  5948 | D:7      | Reached skill level 5 in Spellcasting
  5956 | D:7      | Got an ancient mace
  5957 | D:7      | Identified the cursed +3 mace "Ubluir" {drain, rPois Str-2 Int+3} (You found it on level 7 of the Dungeon)
  5968 | D:7      | Reached skill level 8 in Necromancy
  6114 | D:7      | Noticed a manticore
  6127 | D:7      | Killed a manticore
  6189 | D:7      | Found a burning altar of Makhleb.
  6243 | D:7      | Found a staircase to the Ecumenical Temple.
  6250 | Temple   | Entered the Ecumenical Temple
  6408 | D:7      | Gained mutation: You regenerate a little health from kills. [demonic ancestry]
  6408 | D:7      | Reached XP level 9. HP: 59/61 MP: 12/18
  7034 | D:6      | Found an oddly glowing altar of Pakellas.
  7064 | D:5      | Found Lasabul's Gadget Shop.
  7124 | D:5      | Reached skill level 9 in Necromancy
  7195 | D:5      | Killed a gargoyle
  7195 | D:5      | Reached skill level 1 in Armour
  7272 | D:5      | Found a shattered altar of Ashenzari.
  7570 | D:3      | Killed Inkary's ghost
  8103 | D:8      | Found an ancient bone altar of Kikubaaqudgha.
  8116 | D:8      | Became a worshipper of Kikubaaqudgha
  8471 | D:8      | Got a faintly glowing leather armour
  8482 | D:8      | Identified the +1 leather armour "Pef Xes" {rPois Str+4 Int+5} (You found it on level 8 of the Dungeon)
  8595 | D:8      | Reached * piety under Kikubaaqudgha
  8595 | D:8      | Received a gift from Kikubaaqudgha
  8595 | D:8      | Reached skill level 5 in Dodging
  8596 | D:8      | Identified Kikubaaqudgha's Catalogue of Dark Rituals (Kikubaaqudgha gifted it to you on level 8 of the Dungeon)
  8794 | D:9      | Found a deep blue altar of Sif Muna.
  8909 | D:9      | Reached skill level 1 in Maces & Flails
  8978 | D:9      | Gained mutation: You regenerate health from kills. [demonic ancestry]
  8978 | D:9      | Reached XP level 10. HP: 68/70 MP: 21/21
  9234 | D:9      | Found a staircase to the Orcish Mines.
  9256 | D:9      | Found a roughly hewn altar of Beogh.
  9282 | D:8      | Noticed an iron golem
  9282 | D:8      | Noticed an iron golem
  9282 | D:8      | Noticed an iron golem
  9282 | D:8      | Noticed an iron golem
  9609 | D:9      | Reached ** piety under Kikubaaqudgha
 10337 | D:10     | Entered Level 10 of the Dungeon
 10355 | D:10     | Found an oddly glowing altar of Pakellas.
 10377 | D:10     | Reached skill level 10 in Necromancy
 10593 | D:10     | Noticed a two-headed hydra
 10610 | D:10     | Killed a two-headed hydra
 11176 | D:10     | Found a staircase to the Lair.
 11303 | Lair:1   | Entered Level 1 of the Lair of Beasts
 11525 | Lair:1   | Reached *** piety under Kikubaaqudgha
 11525 | Lair:1   | Received a gift from Kikubaaqudgha
 11528 | Lair:1   | Identified Kikubaaqudgha's Papyrus of Sinister Magic (Kikubaaqudgha gifted it to you on level 1 of the Lair of Beasts)
 11535 | Lair:1   | Learned a level 5 spell: Cigotuvi's Embrace
 11541 | Lair:1   | Learned a level 5 spell: Dispel Undead
 11569 | Lair:1   | Noticed a spiny frog
 11577 | Lair:1   | Killed a spiny frog
 11695 | Lair:1   | Gained mutation: You are mostly covered in thin metallic scales (AC +3). [demonic ancestry]
 11695 | Lair:1   | Reached XP level 11. HP: 72/76 MP: 20/24
 11846 | Lair:1   | Reached skill level 11 in Necromancy
 12725 | Lair:2   | Noticed a four-headed hydra
 12739 | Lair:2   | Killed a four-headed hydra
 13272 | Lair:2   | Reached skill level 10 in Spellcasting
 13940 | Lair:3   | Reached **** piety under Kikubaaqudgha
 13970 | Lair:3   | Reached skill level 12 in Necromancy
 14531 | Lair:4   | Noticed a griffon
 14561 | Lair:4   | Killed a griffon
 14809 | Lair:4   | Reached skill level 1 in Charms
 14809 | Lair:4   | Reached XP level 12. HP: 62/83 MP: 17/26
 15058 | Lair:4   | Reached ***** piety under Kikubaaqudgha
 15269 | Lair:4   | Found a hole to the Spider Nest.
 15519 | Lair:5   | Learned a level 5 spell: Bolt of Draining
 16539 | Lair:6   | Noticed an eight-headed hydra
 16552 | Lair:6   | Killed an eight-headed hydra
 16620 | Lair:6   | Noticed Maud
 16633 | Lair:6   | Killed Maud
 16633 | Lair:6   | Reached skill level 5 in Fighting
 16709 | Lair:6   | Found a staircase to the Slime Pits.
 16806 | Lair:6   | Found a staircase to the Shoals.
 16882 | Lair:6   | Reached skill level 13 in Necromancy
 16996 | Lair:6   | Noticed an eight-headed hydra
 17005 | Lair:6   | Killed an eight-headed hydra
 17252 | Lair:7   | Found a dark tunnel.
 17268 | Volcano  | Entered a volcano
 17470 | Volcano  | Noticed Galewind's ghost (journeyman DECj)
 17475 | Volcano  | Killed Galewind's ghost
 17525 | Volcano  | Found a burning altar of Makhleb.
 17602 | Volcano  | Gained mutation: You are completely covered in thin metallic scales (AC +4, rElec). [demonic ancestry]
 17602 | Volcano  | Reached XP level 13. HP: 30/91 MP: 0/28
 18763 | Lair:7   | Learned a level 3 spell: Call Canine Familiar
 18773 | Lair:8   | Entered Level 8 of the Lair of Beasts
 18880 | Lair:8   | Reached ****** piety under Kikubaaqudgha
 18884 | Lair:8   | Received a gift from Kikubaaqudgha
 19365 | Lair:8   | Got a bloodstained broad axe
 19366 | Lair:8   | Identified the cursed +1 broad axe of the Enchanted Forest {flame, -Tele MP+9 Str+4 Dex+5} (You found it on level 8 of the Lair of Beasts)
 19891 | Lair:8   | Reached skill level 14 in Necromancy
 19913 | Lair:8   | Reached skill level 10 in Dodging
 19931 | Lair:8   | Gained mutation: You regenerate a lot of health from kills. [demonic ancestry]
 19931 | Lair:8   | Reached XP level 14. HP: 83/101 MP: 7/30
 20692 | Lair:8   | Reached skill level 1 in Summonings
 20736 | Lair:8   | Reached skill level 5 in Armour
 20911 | Orc:1    | Entered Level 1 of the Orcish Mines
 21040 | Orc:2    | Entered Level 2 of the Orcish Mines
 21186 | Orc:2    | Found a roughly hewn altar of Beogh.
 21195 | Orc:2    | Found Abrur's Antique Weapon Shoppe.
 21217 | Orc:2    | Bought a translucent quarterstaff for 225 gold pieces
 21217 | Orc:2    | Identified the +11 quarterstaff "Keuschoafa" {antimagic, rF+ MR+} (You bought it in a shop on level 2 of the Orcish Mines)
 21553 | Orc:2    | Found a staircase to the Elven Halls.
 21553 | Orc:2    | Found a roughly hewn altar of Beogh.
 21570 | Orc:2    | Found Fitiupe's Gadget Shoppe.
 21674 | Orc:2    | Noticed Saint Roka
 21678 | Orc:2    | HP: 5/101 [orc warrior/short sword[Saint Roka] (19)]
 21678 | Orc:2    | Slain by an orc warrior

Skill      XL: |  1  2  3  4  5  6  7  8  9 10 11 12 13 14 |
---------------+-------------------------------------------+-----
Dodging        | 2 3 4 5 6 7 8 10 | 10.4
Necromancy     | 5 6 7 8 9 10 12 13 14 | 14.1
Slings         | 1 2 3 |  3.6
Spellcasting   | 3 4 6 7 9 10 11 12 | 12.5
Stealth        | 2 3 4 |  4.5
Axes           | 1 2 3 4 |  4.1
Fighting       | 1 3 4 5 6 |  6.8
Armour         | 2 3 4 5 |  5.0
Maces & Flails | 1 2 3 4 |  4.9
Charms         | 1 |  1.5
Summonings     | 2 |  2.0
Conjurations   | |  0.4
Evocations     | |  0.4

Action                   |  1- 3 |  4- 6 |  7- 9 | 10-12 | 13-15 || total
-------------------------+-------+-------+-------+-------+-------++-------
Melee: Club              |     1 |       |       |       |       ||     1
       War axe           |       |    77 |    73 |       |       ||   150
       Kick              |       |    21 |    89 |   295 |   261 ||   666
       Whip              |       |       |     5 |       |       ||     5
       Mace              |       |       |   240 |   709 |     1 ||   950
       Battleaxe         |       |       |       |    92 |   148 ||   240
       Eveningstar       |       |       |       |    67 |   418 ||   485
       Broad axe         |       |       |       |       |    78 ||    78
 Fire: Hunting sling     |    45 |    73 |    66 |    18 |       ||   202
Throw: Stone             |       |     1 |       |       |       ||     1
 Cast: Pain              |    58 |    39 |    80 |   180 |    24 ||   381
       Vampiric Draining |     1 |    15 |    49 |   155 |    79 ||   299
       Animate Dead      |       |     6 |    21 |    46 |    31 ||   104
       Control Undead    |       |     9 |    12 |     1 |       ||    22
       Regeneration      |       |       |     6 |     9 |     9 ||    24
       Cigotuvi's Embrac |       |       |       |    11 |     6 ||    17
       Bolt of Draining  |       |       |       |     4 |    12 ||    16
       Dispel Undead     |       |       |       |     2 |       ||     2
       Call Canine Famil |       |       |       |       |     5 ||     5
Invok: Receive Corpses   |       |       |       |     4 |       ||     4
       Receive Necronomi |       |       |       |       |     1 ||     1
Evoke: Wand              |       |       |       |       |     3 ||     3
  Use: Scroll            |     2 |       |    13 |    12 |    10 ||    37
       Potion            |       |       |    15 |     3 |     5 ||    23
 Stab: Sleeping          |       |     5 |     9 |     3 |       ||    17
       Distracted        |       |     2 |       |     5 |    10 ||    17
  Eat: Chunk             |     3 |     9 |    16 |    29 |    16 ||    73
       Pizza             |       |     1 |       |     2 |       ||     3
       Beef jerky        |       |     1 |       |     1 |     2 ||     4
       Meat ration       |       |       |     1 |       |       ||     1
       Fruit             |       |       |     4 |       |       ||     4
Armor: Robe              |     6 |    30 |    36 |       |       ||    72
       Ring mail         |       |       |   120 |   115 |     2 ||   237
       Leather armour    |       |       |       |   353 |   289 ||   642
Dodge: Dodged            |    37 |   116 |   350 |  1197 |  1058 ||  2758
Block: Other             |       |       |       |    30 |   200 ||   230
       Reflection        |       |       |       |       |     1 ||     1
